 Dungeon Crawl Stone Soup version 0.28-a0-194-g42b4daccc1 (webtiles) character file.

Game seed: 5855711636377908985

39 riscky the Chopper (level 3, -2/31 HPs)
             Began as a Palentonga Berserker on Aug 17, 2021.
             Was a Follower of Trog.
             Slain by an adder (4 damage)
             ... on level 2 of the Dungeon on Aug 18, 2021.
             The game lasted 00:08:23 (1389 turns).

riscky the Chopper (Palentonga Berserker)           Turns: 1389, Time: 00:08:24

Health: -2/31      AC:  4    Str: 21    XL:     3   Next: 26%
Magic:  3/3        EV:  9    Int:  7    God:    Trog [*.....]
Gold:   58         SH:  0    Dex:  9    Spells: 2/2 levels left

rFire   . . .      SeeInvis +   a - +0 hand axe
rCold   . . .      Faith    .   (no shield)
rNeg    . . .      Spirit   .   b - +0 animal skin
rPois   .          Reflect  .   (no helmet)
rElec   .          Harm     .   (no cloak)
rCorr   .          Rampage  .   (no gloves)
Will    .....                   (no barding)
Stlth   +.........              (no amulet)
HPRegen 0.10/turn               (no ring)
MPRegen 0.08/turn               (no ring)

@: no status effects
A: large, rugged brown scales 3, see invisible, deformed body, roll 1, armoured
tail
a: Rolling Charge, Renounce Religion, Berserk


You were on level 2 of the Dungeon.
You worshipped Trog.
Trog was aware of your devotion.
You visited 1 branch of the dungeon, and saw 2 of its levels.

You collected 58 gold pieces.

Inventory:

Hand Weapons
 a - a +0 hand axe (weapon)
 g - a +0 dagger
Missiles
 d - 65 stones
 e - 15 sling bullets
 f - 11 arrows
 h - 25 bolts
Armour
 b - a +0 animal skin (worn)
 c - a +0 leather armour
Scrolls
 i - a scroll of blinking {unknown}
 j - a scroll of vulnerability {unknown}


   Skills:
 + Level 3.4 Fighting
 + Level 3.7 Axes
 + Level 1.7 Armour
 + Level 1.9 Dodging


You had 2 spell levels left.
You didn't know any spells.
Your spell library was empty.

Dungeon Overview and Level Annotations

Branches:
Dungeon (2/15)

Altars:

Shops:
D:1 :   D:2 :


Innate Abilities, Weirdness & Mutations

You are completely covered in rugged brown scales. (AC +3, +7% HP)
You have supernaturally acute eyesight. (SInv)
Armour fits poorly on your strangely shaped body.
You can roll at nearby foes to attack.
You have a long armoured tail.


Message History

You hit the jackal.
You kill the jackal!
Trog accepts your kill.
An adder comes into view.
The adder hisses angrily.
A rat comes into view.
You closely miss the adder. The adder bites you but does no damage.
The adder bites you.
You are poisoned.
The adder poisons you!
You closely miss the adder.
Your tail-slap misses the adder.
You feel sick. The adder closely misses you.
You hit the adder but do no damage.
You feel sick. The adder misses you. The adder bites you.
You are more poisoned.
The adder poisons you!
You miss the adder.
Your tail-slap misses the adder.
You feel sick. The adder barely misses you.
You hit the adder.
The adder is lightly wounded.
You feel sick. The adder bites you. The adder barely misses you.
You hit the adder.
The adder is moderately wounded.
You feel sick. The adder bites you.
You feel sick.
You feel sick.
You feel sick. The adder barely misses you.
You feel sick.
You feel sick.
You are no longer poisoned.
The adder bites you.
* * * LOW HITPOINT WARNING * * *
The adder bites you.
* * * LOW HITPOINT WARNING * * *
The adder bites you.
* * * LOW HITPOINT WARNING * * *
The rat twitches its whiskers.
The adder barely misses you. The adder bites you.
You die...

#.######. #........
#........ #.####### #.#
#...# #.# #.#.# # #.#
#.#.#
..#.#.#.###.#.#########
.............r.S@.......#
..#.#.#.#......^..#####.#
#.# #.#####.#..## #.# #.#
#.#.....#..# #.#
..#.#.#.#.#......# #.#
..#.#.#.#.#.....## #.#
..#.....#.####### #.#
.<#.......†...#########.#
#....########.#.........#


You could see an adder and a rat.

Vanquished Creatures
  An adder (D:2)
  A worm (D:2)
  2 dart slugs
  3 bats
  2 hobgoblins (D:1)
  5 jackals (D:2)
  A quokka (D:1)
  2 ball pythons (D:1)
  2 frilled lizards (D:1)
  A goblin (D:1)
  2 rats (D:1)
22 creatures vanquished.

Notes
Turn   | Place    | Note
-------+----------+-------------------------------------------
     0 | D:1      | riscky the Palentonga Berserker began the quest for the
                  | Orb.
     0 | D:1      | Reached XP level 1. HP: 19/19 MP: 1/1
    22 | D:1      | Upgraded the game from 0.28-a0-178-ga708605c5b to
                  | 0.28-a0-194-g42b4daccc1
   187 | D:1      | Found a faded altar of an unknown god.
   284 | D:1      | Reached XP level 2. HP: 25/25 MP: 2/2
   438 | D:1      | Found Laamusm's Book Emporium.
   711 | D:2      | Found Baerphuph's Book Emporium.
   923 | D:2      | Reached XP level 3. HP: 29/31 MP: 3/3
  1383 | D:2      | HP: 1/31 [adder (1)]
  1389 | D:2      | Slain by an adder

Illustrated notes

Levels and vault maps discovered:
D:1:      lightli_arrival_boilingwater, layout_rooms,
          shapermc_ecumenical_altar_mp_highgroup, serial_shops, shop,
          serial_park_tiny_2, chequers_serial_rivers_small_3
D:2:      minmay_alternating_diamond, layout_basic, serial_shops, shop,
          minmay_increasing_density

Action                   || total
-------------------------++-------
Melee: Hand axe          ||    84
       Tailslap          ||     6
Armor: Animal skin       ||    46
Dodge: Dodged            ||    68

Table legend: (Time is in decaauts)
 A = Elapsed time spent in this place.
 B = Non-inter-level travel time spent in this place.
 C = Inter-level travel time spent in this place.
 D = Time resting spent in this place.
 E = Time spent auto-exploring this place.
 F = Levels seen in this place.
 G = Mean time per level.
                   A        B        C        D        E       F      G
               +--------+--------+--------+--------+--------+-----+--------+
         Total |   1410 |   1409 |      1 |    159 |      0 |   2 |  705.0 |
       Dungeon |   1410 |   1409 |      1 |    159 |      0 |   2 |  705.0 |
               +--------+--------+--------+--------+--------+-----+--------+

Top non-repeatable levels by time:
     D:1: 727 daAuts
     D:2: 683 daAuts
